 Dungeon Crawl Stone Soup version 0.28.0 (webtiles) character file.

Game seed: 9635936012393698007

86 Sanktem7 the Skirmisher (level 4, 0/40 HPs)
             Began as a Minotaur Fighter on Feb 12, 2022.
             Slain by Sigmund (1 damage)
             ... on level 2 of the Dungeon.
             The game lasted 00:02:11 (1253 turns).

Sanktem7 the Skirmisher (Minotaur Fighter)          Turns: 1253, Time: 00:02:12

Health: 0/40       AC:  7    Str: 22    XL:     4   Next: 26%
Magic:  3/3        EV:  9    Int:  5    God:
Gold:   25         SH:  4    Dex: 10    Spells: 3/3 levels left

rFire   . . .      SeeInvis .   a - +0 war axe
rCold   . . .      Faith    .   c - +0 buckler
rNeg    . . .      Spirit   .   b - +0 scale mail
rPois   .          Reflect  .   (helmet restricted)
rElec   .          Harm     .   (no cloak)
rCorr   .          Rampage  .   (no gloves)
Will    .....                   (no boots)
Stlth   ..........              (no amulet)
HPRegen 0.13/turn               (no ring)
MPRegen 0.08/turn               (no ring)

@: no status effects
A: horns 2, retaliatory headbutt
a: no special abilities


You were on level 2 of the Dungeon.
You visited 1 branch of the dungeon, and saw 2 of its levels.

You collected 25 gold pieces.

Inventory:

Hand Weapons
 a - a +0 war axe (weapon)
Armour
 b - a +0 scale mail (worn)
 c - a +0 buckler (worn)
Jewellery
 g - a +6 ring of intelligence
Scrolls
 e - a scroll of enchant armour {unknown}
 f - a scroll of teleportation {unknown}
 h - a scroll of torment {unknown}
 i - a scroll of identify {unknown}
Potions
 d - a potion of might


   Skills:
 + Level 4.2 Fighting
 + Level 3.9 Axes
 + Level 4.1 Armour
 + Level 1.0 Dodging
 + Level 4.1 Shields


You had 3 spell levels left.
You didn't know any spells.
Your spell library was empty.

Dungeon Overview and Level Annotations

Branches:
Dungeon (2/15)

Altars:

Annotations:
D:2 Sigmund


Innate Abilities, Weirdness & Mutations

You have a pair of horns on your head.
You reflexively headbutt those who attack you in melee.


Message History

Sigmund shouts!
Sigmund is nearby!
A rat comes into view.
Sigmund gestures at you while chanting. The puff of flame hits you!
Sigmund mumbles some strange words.
Sigmund flickers and vanishes!
Deactivating autopickup; reactivate with Ctrl-A.
You hear some strange, mumbled words.
You are confused.
The rat misses you.
You bump into the rock wall.
Something hits you but does no damage. The rat barely misses you.
You barely miss something. Your headbutt misses something.
You closely miss the rat. The rat bites you but does no damage.
Something hits you but does no damage.
You miss the rat. You barely miss something.
The rat bites you but does no damage. Something hits you.
You bump into the rock wall.
The rat barely misses you.
You slash the rat!
You kill the rat!
You completely miss something.
You feel less confused. Something hits you.
Your Dodging skill increases to level 1!
You barely miss something. Something hits you!
You barely miss something. Something hits you!
* * * LOW HITPOINT WARNING * * *
You closely miss something. Your headbutt misses something.
You hear some strange, mumbled words.
A magic dart appears from out of thin air!
The magic dart hits you but does no damage.
You miss something. Your headbutt misses something.
Something hits you but does no damage.
You barely miss something. Something hits you but does no damage.
You miss something. Your headbutt misses something. Something hits you!
* * * LOW HITPOINT WARNING * * *
You hit something but do no damage. Your headbutt misses something.
Something hits you.
You die...

#..... ..... #####
....## #.... ....
#.### ...# #..# #{†#
.# # #@.##.# #.
#..##.# #.###
.##..##..##.###
.....
..............#
#####
###..##.###.#####
................#
............#####
###..######.######.#
#.. #...†[......#


There were no monsters in sight!

Vanquished Creatures
  4 gnolls (D:2)
  A dart slug (D:1)
  7 bats
  5 endoplasms
  A giant cockroach (D:1)
  5 goblins (D:1)
  5 hobgoblins
  2 quokkas (D:1)
  2 ball pythons (D:1)
  2 frilled lizards (D:1)
  4 kobolds
  6 rats
44 creatures vanquished.

Notes
Turn   | Place    | Note
-------+----------+-------------------------------------------
     0 | D:1      | Sanktem7 the Minotaur Fighter began the quest for the Orb.
     0 | D:1      | Reached XP level 1. HP: 19/19 MP: 0/0
   122 | D:1      | Reached XP level 2. HP: 27/27 MP: 1/1
   457 | D:1      | Reached XP level 3. HP: 33/33 MP: 2/2
  1036 | D:2      | Reached XP level 4. HP: 27/40 MP: 3/3
  1237 | D:2      | Noticed Sigmund
  1247 | D:2      | Reached skill level 1 in Dodging
  1252 | D:2      | HP: 1/40 [something (9)]
  1253 | D:2      | Slain by Sigmund

Illustrated notes

Levels and vault maps discovered:
D:1:      nzn_arrival_settlement, layout_loops_ring, minmay_misc_feat_pillars
D:2:      layout_basic, uniq_sigmund

Skill      XL: |  1  2  3  4 |
---------------+-------------+-----
Fighting       | 4 |  4.2
Armour         | 4 |  4.1
Shields        | 4 |  4.1
Axes           | 3 |  3.9
Dodging        | 1 |  1.0

Action                   |  1- 3 |  4- 6 || total
-------------------------+-------+-------++-------
Melee: War axe           |    85 |    16 ||   101
       Headbutt          |     8 |       ||     8
Armor: Scale mail        |    45 |     9 ||    54
Dodge: Dodged            |    33 |     4 ||    37
Block: Buckler           |    16 |       ||    16
